 Dungeon Crawl Stone Soup version 0.26-a0-651-gb41185065b (webtiles) character file.

Game seed: 16092625379403498895

1817 Irenicus the Geomancer (level 8, -2/67 HPs)
             Began as a Deep Dwarf Earth Elementalist on Oct 10, 2020.
             Was a Follower of Makhleb.
             Shot with a bolt by an orc warrior (24 damage)
             ... in a bailey.
             The game lasted 00:21:13 (2883 turns).

Irenicus the Geomancer (DDEE)                       Turns: 2883, Time: 00:21:13

Health: -2/67      AC:  8    Str: 11    XL:     8   Next: 85%
Magic:  5/28 (19)  EV: 11    Int: 19    God:    Makhleb [*.....]
Gold:   264        SH:  0    Dex: 13    Spells: 16/22 levels left

rFire    . . .     SeeInvis .   c - +0 dagger
rCold    . . .     Faith    .   (no shield)
rNeg     . . .     Spirit   .   h - +0 ring mail
rPois    .         Reflect  .   j - +0 helmet
rElec    .         Harm     .   (no cloak)
rCorr    .         Rampage  .   z - +1 pair of gloves of Quynok {Slay+2}
MR       +....                  (no boots)
Stlth    +.........             (no amulet)
HPRegen  0.00/turn              t - ring of magical power {MP+9}
MPRegen  0.21/turn              (no ring)

@: non-regenerating
A: damage resistance, heal wounds, sense surroundings 1, no regeneration
a: Heal Wounds, Renounce Religion


You were in a bailey.
You worshipped Makhleb.
Makhleb was aware of your devotion.
You visited 2 branches of the dungeon, and saw 8 of its levels.
You also visited: Bailey.

You collected 369 gold pieces.
You spent 105 gold pieces at shops.

Inventory:

Hand Weapons
 c - a +0 dagger (weapon)
   (You found it on level 1 of the Dungeon)
Missiles
 b - 42 stones (quivered)
Armour
 h - a +0 ring mail (worn)
   (You found it on level 1 of the Dungeon)
 i - a +0 pair of gloves
   (You found it on level 3 of the Dungeon)
 j - a +0 helmet (worn)
   (You found it on level 4 of the Dungeon)
 q - a +3 scale mail
   (You found it on level 2 of the Dungeon)
 z - the +1 pair of gloves of Quynok (worn) {Slay+2}
   (You found it on level 7 of the Dungeon)

   It affects your accuracy and damage with ranged weapons and melee attacks
   (+2).
Jewellery
 t - a ring of magical power (left hand) {MP+9}
   (You found it on level 4 of the Dungeon)
Wands
 p - a wand of random effects (16)
   (You found it on level 4 of the Dungeon)
 s - a wand of digging (12)
   (You found it on level 4 of the Dungeon)
Scrolls
 a - 2 scrolls of teleportation
 d - 3 scrolls of magic mapping {unknown}
 e - 2 scrolls of fog {unknown}
 f - a scroll of random uselessness {unknown}
 g - 3 scrolls of remove curse {unknown}
 k - 3 scrolls of enchant weapon {unknown}
 l - 2 scrolls of immolation {unknown}
 n - 4 scrolls of enchant armour {unknown}
 v - a scroll of identify
 w - a scroll of silence {unknown}
 x - a scroll of blinking {!r}
 y - a scroll of noise {unknown}
Potions
 m - 3 potions of brilliance
 o - 3 potions of might
 u - 2 potions of invisibility {unknown}
 A - a potion of haste {unknown}


   Skills:
 - Level 2.0 Fighting
 + Level 1.4 Armour
 - Level 3.5 Dodging
 - Level 2.4 Stealth
 - Level 7.6 Spellcasting
 + Level 3.7 Necromancy
 - Level 0.8 Transmutations
 - Level 14.0 Earth Magic


You had 16 spell levels left.
You knew the following spells:

 Your Spells              Type           Power        Failure   Level
a - Sandblast             Erth           ######       1%          1
w - Passwall              Tmut/Erth      #####...     1%          2
x - Vampiric Draining     Necr           ###.......   14%         3

Your spell library contained the following spells:

 Spells                   Type           Power        Failure   Level
 Lee's Rapid Deconstruct  Erth           ######....   1%          5
 Stone Arrow              Conj/Erth      ####..       3%          3
 Animate Skeleton         Necr           ###...       4%          1
 Pain                     Necr           ###.         4%          1
 Petrify                  Tmut/Erth      #####...     11%         4
 Animate Dead             Necr           ###.......   43%         4
 Agony                    Necr           ###.....     78%         5


Dungeon Overview and Level Annotations

Branches:
Dungeon (7/15)             Temple (1/1) D:4          Bailey (1/1)

Altars:
Cheibriados
Dithmenos
Elyvilon
Fedhas
Gozag
Hepliaklqana
Kikubaaqudgha
Makhleb
Nemelex Xobeh
Okawaru
Qazlal
Ru
Trog
Uskayaw
Vehumet
Wu Jian
Xom
Yredelemnul
Zin
The Shining One

Shops:
D:5 ?


Innate Abilities, Weirdness & Mutations

You are resistant to damage.
You can heal yourself by infusing magical energy.
You passively map a small area around you.
You do not regenerate.


Message History

The orc warrior shouts!
The orc warrior shoots a bolt.
The bolt hits you!
There is a gate leading back out of this place here.
You see here a bolt.
You take 5 damage, and have 30/67 hp.
Evoke which item? (* to show all) (? for menu, Esc to quit)
Aiming: Random Effects
Press: ? - help, Shift-Dir - straight line, f - orc warrior
Aim: an orc warrior, wielding a +0 arbalest, wearing a +0 ring mail and quivering 21 bolts The orc warrior resists with some effort.
Evoke which item? (* to show all) (? for menu, Esc to quit)
Aiming: Random Effects
Press: ? - help, Shift-Dir - straight line, f/p - orc warrior
Aim: an orc warrior, wielding a +0 arbalest, wearing a +0 ring mail and quivering 21 bolts The orc warrior looks slightly unstable.
Evoke which item? (* to show all) (? for menu, Esc to quit)
Aiming: Random Effects
Press: ? - help, Shift-Dir - straight line, f/p - orc warrior
Aim: an orc warrior, wielding a +0 arbalest, wearing a +0 ring mail and quivering 21 bolts The orc warrior resists with some effort.
The orc warrior disappears!
The orc warrior reappears nearby!
The orc warrior shoots a bolt.
The bolt barely misses you.
Evoke which item? (* to show all) (? for menu, Esc to quit)
Aiming: Random Effects
Press: ? - help, Shift-Dir - straight line, f/p - orc warrior
Aim: an orc warrior, wielding a +0 arbalest, wearing a +0 ring mail and quivering 20 bolts The puff of frost hits the orc warrior.
The orc warrior is lightly wounded.
The orc warrior shoots a bolt.
The bolt hits you but does no damage.
The orc warrior shouts!
You hear a shout!
An orc warrior comes into view. It is wielding a +0 trident.
Found a gate leading back out of this place.
Casting: Sandblast (safe; 1% risk of failure)
Confirm with . or Enter, or press ? or * to list all spells.
Aiming: Sandblast (safe; 1% risk of failure)
Press: ? - help, Shift-Dir - straight line, f/p - orc warrior
Aim: an orc warrior, wielding a +0 arbalest, wearing a +0 ring mail and quivering 19 bolts (lightly wounded)
The blast of sand hits the orc warrior!
The orc warrior is heavily wounded.
b - 43 stones The orc warrior shoots a bolt.
The bolt hits you!
You take 9 damage, and have 21/67 hp.
You now have 10/28 mp.
Casting: Sandblast (safe; 1% risk of failure)
Confirm with . or Enter, or press ? or * to list all spells.
Aiming: Sandblast (safe; 1% risk of failure)
Press: ? - help, Shift-Dir - straight line, f/p - orc warrior
Aim: an orc warrior, wielding a +0 arbalest, wearing a +0 ring mail and quivering 18 bolts (heavily wounded)
The blast of sand misses the orc warrior.
b - 42 stones The orc warrior shoots a bolt.
The bolt hits you!
* * * LOW HITPOINT WARNING * * *
You take 12 damage, and have 9/67 hp.
Casting: Sandblast (safe; 1% risk of failure)
Confirm with . or Enter, or press ? or * to list all spells.
Okay, then.
You feel much better.
You regained 19 hp, and now have 28/67 hp.
An orc and an orc knight come into view.
The orc knight shouts!
The orc warrior unwields a +0 arbalest.
The orc warrior hits you!
* * * LOW HITPOINT WARNING * * *
Found a gate leading back out of this place.
You take 13 damage, and have 15/67 hp.
Casting: Sandblast (safe; 1% risk of failure)
Confirm with . or Enter, or press ? or * to list all spells.
Aiming: Vampiric Draining (dangerous; 16% risk of failure)
Press: ? - help, Shift-Dir - straight line, f/p - orc warrior
Aim: an orc warrior, wearing a +0 ring mail and quivering 17 bolts (heavily wounded)
The orc warrior is almost dead.
You feel life coursing into your body.
The orc knight roars a battlecry!
The orcs go into a battle-frenzy!
An orc warrior comes into view. It is wielding a +0 arbalest.
You regained 5 hp, and now have 20/67 hp.
You now have 7/28 mp.
Casting: Vampiric Draining (dangerous; 16% risk of failure)
Confirm with . or Enter, or press ? or * to list all spells.
Aiming: Vampiric Draining (dangerous; 16% risk of failure)
Press: ? - help, Shift-Dir - straight line, f/p - orc warrior
Aim: an orc warrior, wearing a +0 ring mail and quivering 17 bolts (almost dead, strong)
You kill the orc warrior!
Makhleb accepts your kill.
You feel life coursing into your body.
The orc warrior shouts!
You regained 2 hp, and now have 22/67 hp.
You now have 5/28 mp.
You see here 2 bolts.
Evoke which item? (* to show all) (? for menu, Esc to quit)
Press: ? - help, Shift-Dir - straight line, f - orc warrior
Aim: an orc warrior, wielding a +0 arbalest, wearing a +0 chain mail and quivering 17 bolts The puff of flame hits the orc warrior but does no damage.
An orc warrior comes into view. It is wielding a +0 arbalest.
Evoke which item? (* to show all) (? for menu, Esc to quit)
Aiming: Random Effects
Press: ? - help, Shift-Dir - straight line, f/p - orc warrior
Aim: an orc warrior, wielding a +0 arbalest, wearing a +0 chain mail and quivering 17 bolts The orc warrior twists and deforms.
The orc warrior shouts!
The orc warrior shoots a bolt.
The bolt hits you!!
You die...

* ### *, *
**##∩## * , , ,
#.∩@# * , #...#
o≈§.....).≈≈o≈≈,
+
oo≈.......≈oo.≈,+
* ,
≈o≈≈.......≈≈o≈≈
,
≈≈≈..#...#..≈≈≈.
*,
.o..##...##.....
,, ####
##∩##*##### , ##
*


You could see 3 orc warriors and an orc.

Vanquished Creatures
  Grinder (D:3)
  Sigmund (D:3)
  2 orc warriors
  A phantom (D:5)
  A bullfrog (D:6)
  4 scorpions (D:6)
  A water moccasin skeleton (D:7)
  A quasit (D:7)
  A centaur skeleton (D:4)
  2 orc priests (D:4)
  A jelly (D:7)
  Natasha (twice) (D:2)
  2 iguanas
  4 orc wizards
  A worker ant (D:4)
  8 adders
  An ufetubus (D:5)
  An adder zombie (D:5)
  2 worms (D:2)
  2 dart slugs (D:1)
  A leopard gecko (D:3)
  17 orcs
  5 giant cockroaches
  7 goblins
  9 hobgoblins
  13 jackals
  A quokka (D:5)
  14 bats
  8 frilled lizards
  7 kobolds
  A quokka skeleton (D:5)
  5 rats
127 creatures vanquished.

Vanquished Creatures (others)
  8 fungi (D:6)
8 creatures vanquished.

Grand Total: 135 creatures vanquished

Notes
Turn   | Place    | Note
-------+----------+-------------------------------------------
     0 | D:1      | Irenicus the Deep Dwarf Earth Elementalist began the quest
                  | for the Orb.
     0 | D:1      | Reached XP level 1. HP: 15/15 MP: 3/3
   162 | D:1      | Reached XP level 2. HP: 14/22 MP: 1/4
   249 | D:1      | Reached skill level 5 in Earth Magic
   403 | D:2      | Reached XP level 3. HP: 18/28 MP: 1/5
   547 | D:2      | Noticed Natasha
   550 | D:2      | Killed Natasha
   550 | D:2      | Reached skill level 6 in Earth Magic
   616 | D:2      | Reached XP level 4. HP: 21/36 MP: 1/6
   667 | D:2      | Learned a level 2 spell: Passwall
   882 | D:2      | Noticed Natasha
   889 | D:2      | Killed Natasha
   889 | D:2      | Reached skill level 7 in Earth Magic
  1270 | D:3      | Noticed Sigmund
  1309 | D:3      | HP: 6/36 [something (6)]
  1311 | D:3      | Killed Sigmund
  1311 | D:3      | Reached skill level 9 in Earth Magic
  1311 | D:3      | Reached XP level 5. HP: 7/42 MP: 5/7
  1311 | D:3      | Reached XP level 6. HP: 8/49 MP: 5/8
  1328 | D:3      | Reached skill level 7 in Spellcasting
  1328 | D:3      | Reached skill level 14 in Earth Magic
  1328 | D:3      | Reached XP level 7. HP: 9/55 MP: 1/18
  1339 | D:3      | Noticed Grinder
  1566 | D:3      | Killed Grinder
  1566 | D:3      | Reached skill level 1 in Fighting
  1669 | D:4      | Reached skill level 3 in Dodging
  1877 | D:4      | Found a staircase to the Ecumenical Temple.
  1893 | Temple   | Entered the Ecumenical Temple
  1957 | Temple   | Became a worshipper of Makhleb the Destroyer
  2045 | D:4      | Reached XP level 8. HP: 19/67 MP: 16/19
  2098 | D:5      | Entered Level 5 of the Dungeon
  2122 | D:5      | Learned a level 3 spell: Vampiric Draining
  2168 | D:5      | Reached skill level 2 in Fighting
  2337 | D:5      | Found Rorul's Magic Scroll Boutique.
  2347 | D:5      | Bought a scroll of blinking for 105 gold pieces
  2638 | D:6      | Reached skill level 1 in Necromancy
  2670 | D:6      | Reached skill level 2 in Necromancy
  2767 | D:7      | Reached * piety under Makhleb
  2767 | D:7      | Reached skill level 3 in Necromancy
  2799 | D:7      | Identified the +1 pair of gloves of Quynok {Slay+2} (You
                  | found it on level 7 of the Dungeon)
  2841 | D:7      | Reached skill level 1 in Armour
  2842 | D:7      | Found a flagged portal.
  2868 | Bailey   | Entered a bailey
  2876 | Bailey   | HP: 9/67 [orc warrior/bolt (12)]
  2878 | Bailey   | Noticed an orc knight
  2883 | Bailey   | Shot with a bolt by an orc warrior

Illustrated notes

Levels and vault maps discovered:
D:1:      lightli_arrival_isolated_outpost, layout_rooms, st_stairs_6
D:2:      layout_loops_corners, serial_forest, infiniplex_forest_straight_2,
          infiniplex_forest_zigzag_1, infiniplex_forest_straight_4,
          infiniplex_forest_straight_4, infiniplex_forest_straight_3,
          uniq_natasha
D:3:      layout_basic, uniq_grinder, uniq_sigmund
D:4:      layout_cave_pods, temple_pool_b
D:5:      layout_basic, serial_shops, nicolae_shop_statue_plus, minivault_1
D:6:      old_forge, layout_rooms, amethyst_overflow_temple_binary,
          due_unseen_surprise, uniq_prince_ribbit1
D:7:      layout_rooms, serial_glass, glass_columns_a, glass_columns_a,
          feat_on_display, feat_on_display, due_unseen_surprise,
          feat_on_display, enter_bailey_2
Temple:   regret_index_temple_chain_breaker
Bailey:   bailey_polearm_4, bailey

Skill      XL: |  1  2  3  4  5  6  7  8 |
---------------+-------------------------+-----
Earth Magic    | 5 6 9 14 | 14.0
Spellcasting   | 7 |  7.6
Fighting       | 1 2 |  2.0
Dodging        | 3 |  3.5
Necromancy     | 3 |  3.7
Armour         | 1 |  1.4
Stealth        | |  2.4
Transmutations | |  0.8

Action                   |  1- 3 |  4- 6 |  7- 9 || total
-------------------------+-------+-------+-------++-------
Melee: Unarmed           |    13 |       |       ||    13
       Dagger            |    12 |     2 |     9 ||    23
 Cast: Sandblast         |    35 |    42 |   101 ||   178
       Passwall          |       |     8 |    20 ||    28
       Vampiric Draining |       |       |    10 ||    10
Evoke: Wand              |       |       |     6 ||     6
  Use: Scroll            |       |     6 |     3 ||     9
       Potion            |       |     2 |     2 ||     4
 Stab: Sleeping          |       |     1 |       ||     1
Armor: Robe              |     1 |       |       ||     1
       Ring mail         |    15 |     5 |    16 ||    36
Dodge: Dodged            |    23 |     8 |    26 ||    57

Table legend: (Time is in decaauts)
 A = Elapsed time spent in this place.
 B = Non-inter-level travel time spent in this place.
 C = Inter-level travel time spent in this place.
 D = Time resting spent in this place.
 E = Time spent auto-exploring this place.
 F = Levels seen in this place.
 G = Mean time per level.
                   A        B        C        D        E       F      G
               +--------+--------+--------+--------+--------+-----+--------+
         Total |   2896 |   2896 |      0 |      0 |      0 |   9 |  321.8 |
       Dungeon |   2800 |   2800 |      0 |      0 |      0 |   7 |  400.0 |
        Temple |     80 |     80 |      0 |      0 |      0 |   1 |   80.0 |
        Bailey |     14 |     14 |      0 |      0 |      0 |   1 |   14.0 |
               +--------+--------+--------+--------+--------+-----+--------+

Top non-repeatable levels by time:
     D:2: 681 daAuts
     D:5: 533 daAuts
     D:3: 527 daAuts
     D:4: 414 daAuts
     D:1: 407 daAuts
     D:6: 129 daAuts
     D:7: 105 daAuts
  Temple: 80 daAuts
  Bailey: 14 daAuts

Table legend:
 A = Kills in this place as a percentage of kills in entire the game.
 B = Kills by you in this place as a percentage of kills by you in the entire game.
 C = Kills by friends in this place as a percentage of kills by friends in the entire game.
 D = Other kills in this place as a percentage of other kills in the entire game.
 E = Experience gained in this place as a percentage of experience gained in the entire game.
 F = Experience gained in this place divided by the number of levels of this place that you have seen.
                   A       B       C       D       E      F
               +-------+-------+-------+-------+-------+----------------------
         Total | 100.0 | 100.0 |   N/A |   N/A | 100.0 | 244.0
       Dungeon |  99.2 |  99.2 |   N/A |   N/A |  93.8 | 294.3
        Bailey |   0.8 |   0.8 |   N/A |   N/A |   6.2 | 136.0
               +-------+-------+-------+-------+-------+----------------------
